[Event "Team 45 45 League T64"]
[Site "Internet Chess Club"]
[Date "2015.03.17"]
[Round "2"]
[White "StartOver"]
[Black "CaoCao"]
[Result "0-1"]
[WhiteElo "1891"]
[BlackElo "1956"]
[Opening "Benoni: classical with e4 and Nf3"]
[ECO "A70"]
[Time "09:05:37"]
[TimeControl "2700+45"]

1. d4 Nf6 2. c4 c5 3. d5 e6 4. Nc3 exd5 5. cxd5 d6 6. e4 g6 7. Nf3 Bg7 8. h3 O-O
9. Bd3 b5 10. Nxb5 Nxe4 11. O-O Nf6 12. Bf4 Ne8 13. Qd2 a6 14. Na3 Nd7 15. Nc4
Ndf6 16. Rfe1 Bb7 17. Rxe8 Nxe8 18. Bh6 Nf6 {White resigns} 0-1

[Event "Team 45 45 League T64"]
[Site "Internet Chess Club"]
[Date "2015.03.15"]
[Round "2"]
[White "achessman"]
[Black "Philly-Boy"]
[Result "1-0"]
[WhiteElo "1942"]
[BlackElo "1766"]
[Opening "French: advance, Milner-Barry gambit"]
[ECO "B22"]
[Time "22:04:40"]
[TimeControl "2700+45"]

1. e4 c5 2. c3 e6 3. d4 d5 4. e5 Nc6 5. Nf3 Qb6 6. Bd3 Nge7 7. dxc5 Qxc5 8. b4
Qb6 9. b5 Nb8 10. a4 a5 11. Ba3 Nd7 12. Nbd2 Ng6 13. Bxg6 hxg6 14. Bxf8 Kxf8 15.
Nb3 Qc7 16. Qd4 Rh5 17. g4 Rh3 18. Ke2 b6 19. Rac1 Bb7 20. Nbd2 f6 21. exf6 gxf6
22. g5 f5 23. c4 e5 24. Qa1 d4 25. Ng1 Rh7 26. Ngf3 Rd8 27. Rhe1 Nc5 28. Kf1 Nd3
29. Qa3+ Nc5 30. Rxe5 Kg8 31. Rce1 Ne4 32. Re6 Rh3 33. Qe7 Qxe7 34. Rxe7 Ba8 35.
Re6 Nxd2+ 36. Nxd2 Rxh2 37. Re8+ {Black resigns} 1-0

[Event "Team 45 45 League T64"]
[Site "Internet Chess Club"]
[Date "2015.03.14"]
[Round "2"]
[White "qs16"]
[Black "ghostfire"]
[Result "1-0"]
[WhiteElo "1824"]
[BlackElo "1704"]
[Opening "Queen's pawn: stonewall attack"]
[ECO "D00"]
[Time "09:00:33"]
[TimeControl "2700+45"]

1. d4 d5 2. e3 Nf6 3. Bd3 Bg4 4. Ne2 Nbd7 5. h3 Bh5 6. c4 c6 7. Qb3 Rb8 8. Nbc3
dxc4 9. Bxc4 e6 10. Nf4 Nb6 11. Nxh5 Nxh5 12. Bd3 Be7 13. O-O O-O 14. Bd2 e5 15.
Qc2 exd4 16. exd4 Nf6 17. Be3 Nbd5 18. Nxd5 Qxd5 19. a3 Rbd8 20. Rad1 Bd6 21.
Rfe1 Bc7 22. Bc1 Qd6 23. g3 Rfe8 24. Bf4 Rxe1+ 25. Rxe1 Qd7 26. Bf5 Qxd4 27.
Bxc7 Re8 28. Rxe8+ Nxe8 29. Bxh7+ Kh8 30. Bf4 g6 31. Bxg6 fxg6 32. Qxg6 Ng7 33.
Qc2 Qd7 34. Kh2 a6 35. Bd2 Kg8 36. Bc3 Nf5 37. Qe4 Qf7 38. Qe5 Kf8 39. Qb8+ Ke7
40. Qxb7+ Ke6 41. Qxc6+ Nd6 42. Qb6 Qf5 43. Bb4 {Black resigns} 1-0

[Event "Team 45 45 League T64"]
[Site "Internet Chess Club"]
[Date "2015.03.12"]
[Round "2"]
[White "Constrictor"]
[Black "cityprosecutor"]
[Result "0-1"]
[WhiteElo "1647"]
[BlackElo "1784"]
[Opening "Sicilian: Canal-Sokolsky attack, 3...Bd7"]
[ECO "B52"]
[Time "20:05:19"]
[TimeControl "2700+45"]

1. e4 d6 2. Nf3 c5 3. Bb5+ Bd7 4. Bxd7+ Qxd7 5. O-O Nc6 6. b3 Nf6 7. Re1 g6 8.
Bb2 Bg7 9. d3 O-O 10. Nbd2 b5 11. a4 a6 12. Nf1 Ra7 13. Ne3 Rfa8 14. Nd5 Nxd5
15. Bxg7 Kxg7 16. exd5 Nb4 17. c4 Qf5 18. Re3 bxc4 19. bxc4 Rb8 20. Ne1 Qf6 21.
Rb1 Rab7 22. Qd2 a5 23. Qb2 Nxd5 24. Qxb7 Rxb7 25. Rxb7 Nxe3 26. fxe3 Qc3 27.
Kf1 Kf6 28. Rb5 h5 29. h3 g5 30. e4 g4 31. hxg4 hxg4 32. g3 Qd2 {White resigns}
0-1

[Event "Team 45 45 League T64"]
[Site "Internet Chess Club"]
[Date "2015.03.22"]
[Round "2"]
[White "bobhill"]
[Black "SAC2001"]
[Result "0-1"]
[WhiteElo "1885"]
[BlackElo "1791"]
[Opening "King's Indian: Torre attack"]
[ECO "A48"]
[Time "21:30:37"]
[TimeControl "2700+45"]

1. d4 Nf6 2. Nf3 g6 3. Bg5 Bg7 4. Nbd2 d5 5. e3 O-O 6. Bd3 c5 7. c3 Nc6 8. O-O
Qb6 9. Qb3 Qxb3 10. axb3 b6 11. Bf4 Bb7 12. h3 Rfe8 13. Ne5 Nxe5 14. Bxe5 Bc6
15. Nf3 Nd7 16. Bxg7 Kxg7 17. Rfe1 e5 18. Nd2 e4 19. Be2 a5 20. f4 f5 21. Kf2
cxd4 22. cxd4 Rac8 23. Rac1 Bb7 24. Nb1 Nb8 25. Bb5 Red8 26. Nc3 Ba6 27. Ba4 Bd3
28. Nb5 Na6 29. Rc3 Rxc3 30. bxc3 Rc8 31. g4 Kf6 32. g5+ Ke7 33. h4 Nc7 34. Na7
Ra8 35. Nc6+ Kd6 36. Ne5 b5 37. c4 bxa4 38. c5+ Ke6 39. bxa4 Bc2 40. h5 Bxa4 41.
hxg6 hxg6 42. Nxg6 Rb8 43. Ne5 Rb2+ 44. Kg3 Be8 45. Rh1 Re2 46. Rh6+ Ke7 47.
Rh7+ Kd8 48. g6 Ne6 49. g7 Nxg7 50. Rxg7 Rxe3+ 51. Kf2 Rc3 52. Nf7+ Bxf7 53.
Rxf7 Rf3+ 54. Ke2 Rxf4 55. Ra7 Rh4 56. Rxa5 f4 57. Ra6 Rh2+ 58. Kf1 f3 59. Re6
Rd2 60. Ke1 Rxd4 61. Kf2 Kc7 62. Rf6 Rd2+ 63. Ke3 Rd3+ 64. Kf2 d4 65. Re6 Rd2+
66. Kg1 e3 67. c6 Rd1+ 68. Kh2 f2 69. Re7+ Kxc6 {White resigns} 0-1

[Event "Team 45 45 League T64"]
[Site "Internet Chess Club"]
[Date "2015.03.11"]
[Round "2"]
[White "LiangLiang"]
[Black "chess2009"]
[Result "1-0"]
[WhiteElo "1912"]
[BlackElo "1750"]
[Opening "French: Tarrasch, closed variation"]
[ECO "C05"]
[Time "18:00:09"]
[TimeControl "2700+45"]

1. e4 e6 2. d4 d5 3. Nd2 Nf6 4. e5 Nfd7 5. Bd3 c5 6. c3 Nc6 7. Ne2 Qb6 8. Nf3
cxd4 9. cxd4 Bb4+ 10. Bd2 Bxd2+ 11. Qxd2 O-O 12. Nf4 f5 13. Nxe6 Re8 14. Bxf5
Ndxe5 15. dxe5 Bxe6 16. Bxe6+ Rxe6 17. Qxd5 Nb4 18. Qc4 Rd8 19. O-O Kh8 20. Ng5
Re7 21. Nf7+ Rxf7 22. Qxf7 Nc6 23. e6 Ne5 24. Qe7 Ng6 25. Qf7 Rf8 26. Qd7 Qb4
27. Rae1 Qg4 28. Qxb7 Nf4 29. e7 Re8 30. Qc6 Qh5 31. Rd1 Ne2+ 32. Kh1 h6 33. Rd8
Kh7 34. Qxe8 Ng3+ 35. fxg3 Qb5 36. Qxb5 a6 37. Qf5+ g6 38. Qf7# {Black
checkmated} 1-0

[Event "Team 45 45 League T64"]
[Site "Internet Chess Club"]
[Date "2015.03.15"]
[Round "2"]
[White "misuc56"]
[Black "gyu123987kool"]
[Result "1-0"]
[WhiteElo "1834"]
[BlackElo "1710"]
[Opening "Grünfeld defense"]
[ECO "D80"]
[Time "12:00:39"]
[TimeControl "2700+45"]

1. d4 Nf6 2. c4 g6 3. Nc3 d5 4. e3 Bg7 5. h3 O-O 6. Nf3 c5 7. cxd5 Nxd5 8. Bc4
Nxc3 9. bxc3 Qc7 10. Be2 Nc6 11. Bd2 Rd8 12. O-O cxd4 13. cxd4 e5 14. Rc1 exd4
15. exd4 Bxd4 16. Nxd4 Rxd4 17. Qc2 Bf5 18. Qc3 Qd7 19. Be3 Rd6 20. Rfd1 Rc8 21.
Rxd6 Qxd6 22. Rd1 Qe6 23. Bc4 Qe7 24. Bb3 Ne5 25. Qb2 Nd3 26. Qd2 b6 27. Bc2 Rd8
28. Qe2 Nc5 29. Rxd8+ Qxd8 30. Bxf5 gxf5 31. Qf3 Qf6 32. Qa8+ Kg7 33. Qxa7 Kg6
34. Bxc5 bxc5 35. Qxc5 Qa1+ 36. Kh2 Qxa2 37. Qd6+ Qe6 38. Qf8 Qf6 39. Qc5 f4 40.
Qc4 Qe5 41. Qd3+ f5 42. Qc4 f3+ 43. g3 Qe2 44. Qd4 Qf1 45. Qd6+ Kh5 46. g4+ fxg4
47. Qe5+ Kg6 48. Qe6+ Kg5 49. Qxg4+ Kh6 50. Qxf3 Qb5 51. Qg3 Qg5 52. Qxg5+ Kxg5
53. Kg3 h5 54. h4+ Kf5 55. Kf3 Ke5 56. Ke3 Kf5 57. f3 Ke5 58. f4+ Kf5 59. Kf3
Ke6 60. Ke4 Kf6 61. f5 Kg7 62. Ke5 Kf7 63. f6 Ke8 64. Kf5 Kf8 65. Kg6 Kg8 66.
Kxh5 {Black resigns} 1-0

[Event "Team 45 45 League T64"]
[Site "Internet Chess Club"]
[Date "2015.03.12"]
[Round "2"]
[White "G-force"]
[Black "Monterrey"]
[Result "1-0"]
[WhiteElo "2068"]
[BlackElo "2055"]
[Opening "French: King's Indian attack"]
[ECO "C00"]
[Time "19:04:58"]
[TimeControl "2700+45"]

1. e4 e6 2. d3 d5 3. Nd2 Nf6 4. Ngf3 Nc6 5. c3 Bd6 6. g3 O-O 7. Bg2 e5 8. O-O
dxe4 9. Nxe4 Nxe4 10. dxe4 Qe7 11. Nh4 g6 12. Qe2 a5 13. Rd1 Be6 14. Bh6 Rfd8
15. Nf3 f6 16. h4 Bc5 17. Nd2 a4 18. b4 axb3 19. axb3 Qf7 20. b4 Bb6 21. Bf1
Rxa1 22. Rxa1 Nb8 23. Kg2 c6 24. Nc4 Nd7 25. Nd6 Qe7 26. Nxb7 Rb8 27. Na5 Rc8
28. Qa6 Qd8 29. Rd1 Qc7 30. Nc4 Ba7 31. Nd6 Nb8 32. Qxc8+ Bxc8 33. Bc4+ Kh8 34.
Nf7+ Kg8 35. Nxe5+ Kh8 36. Nf7+ Kg8 37. Rd8+ Qxd8 38. Nxd8+ Kh8 39. Nf7+ Kg8 40.
Nd6+ {Black resigns} 1-0

[Event "Team 45 45 League T64"]
[Site "Internet Chess Club"]
[Date "2015.03.13"]
[Round "2"]
[White "TerryMalloy"]
[Black "SaltofLife"]
[Result "1-0"]
[WhiteElo "1932"]
[BlackElo "1919"]
[Opening "Robatsch defense: Pseudo-Austrian attack"]
[ECO "B06"]
[Time "15:37:58"]
[TimeControl "2700+45"]

1. e4 g6 2. d4 d6 3. Nc3 Bg7 4. f4 e6 5. Nf3 Ne7 6. Be3 a6 7. Qd2 O-O 8. h4 h5
9. O-O-O b5 10. a3 Nd7 11. Ng5 Bb7 12. g4 Nf6 13. Be2 hxg4 14. Rhg1 Qc8 15. e5
Nfd5 16. Bxg4 Nxe3 17. Qxe3 c5 18. d5 Nf5 19. Qh3 dxe5 20. h5 Rd8 21. hxg6 fxg6
22. Qh7+ {Black resigns} 1-0

[Event "Team 45 45 League T64"]
[Site "Internet Chess Club"]
[Date "2015.03.12"]
[Round "2"]
[White "f5"]
[Black "JefferyChess"]
[Result "1-0"]
[WhiteElo "2055"]
[BlackElo "1772"]
[Opening "Trompowsky attack (Ruth, Opocenský opening)"]
[ECO "A45"]
[Time "22:00:36"]
[TimeControl "2700+45"]

1. d4 Nf6 2. Bg5 Ne4 3. Bf4 d5 4. f3 Nf6 5. e4 dxe4 6. Nc3 Bf5 7. d5 c6 8. g4
Bg6 9. Bc4 cxd5 10. Bxb8 dxc4 11. Qxd8+ Kxd8 12. O-O-O+ Nd7 13. Bg3 f6 14. f4 e6
15. Nge2 Bc5 16. Nd4 Ke7 17. Nxe6 Kxe6 18. f5+ Bxf5 19. gxf5+ Ke7 20. Rhe1 Nb6
21. Nxe4 Bb4 22. c3 {Black resigns} 1-0

[Event "Team 45 45 League T64"]
[Site "Internet Chess Club"]
[Date "2015.03.23"]
[Round "2"]
[White "hood"]
[Black "santiagoelawad"]
[Result "1/2-1/2"]
[WhiteElo "1948"]
[BlackElo "2028"]
[Opening "Caro-Kann: Steinitz variation"]
[ECO "B17"]
[Time "19:02:59"]
[TimeControl "2700+45"]

1. e4 c6 2. d4 d5 3. Nc3 dxe4 4. Nxe4 Nd7 5. Nf3 Ngf6 6. Nxf6+ Nxf6 7. Bc4 Bf5
8. O-O e6 9. c3 Bg4 10. h3 Bh5 11. Re1 Be7 12. Be2 Bxf3 13. Bxf3 O-O 14. Qd3 Qd7
15. Bd1 Rfd8 16. Bc2 h6 17. Be3 c5 18. Rad1 b6 19. Qe2 Qc6 20. Qa6 Nd5 21. Be4
Qc8 22. Qd3 Nxe3 23. Qxe3 Rb8 24. d5 exd5 25. Bxd5 Bf6 26. Qf3 Qc7 27. Re4 Rd6
28. Rde1 Qd7 29. Re7 Rxd5 30. Rxd7 Rxd7 31. Qc6 Rbd8 32. Re8+ Rxe8 33. Qxd7 Re7
34. Qd8+ Kh7 35. Qd3+ g6 36. g3 h5 37. h4 Kg7 38. Kg2 Re1 39. Qb5 Re7 40. a4 Re6
41. Qa6 Re7 42. a5 bxa5 43. Qxa5 Rb7 44. Qa3 c4 45. Kf3 Rb3 46. Qa1 a5 47. Ke4
a4 48. Qxa4 Rxb2 49. Qxc4 Rc2 50. Kd3 Rxc3+ 51. Qxc3 Bxc3 52. Kxc3 Kf6 53. Kd4
Kf5 54. f3 f6 55. Ke3 Ke5 56. Kd3 f5 57. Ke3 f4+ 58. gxf4+ Kf5 59. Ke2 Kxf4 60.
Kf2 Kf5 61. Ke2 Kf4 62. Kf2 Kf5 63. Ke2 Ke5 64. Ke3 Kf5 65. Ke2 Ke5 66. Ke3 Kf5
67. Ke2 {Game drawn by repetition} 1/2-1/2

[Event "Team 45 45 League T64"]
[Site "Internet Chess Club"]
[Date "2015.03.16"]
[Round "2"]
[White "Freitac"]
[Black "SAC2001"]
[Result "1-0"]
[WhiteElo "1948"]
[BlackElo "1795"]
[Opening "Neo-Grünfeld, 5.cd"]
[ECO "D71"]
[Time "18:17:40"]
[TimeControl "2700+45"]

1. d4 Nf6 2. c4 g6 3. g3 Bg7 4. Bg2 d5 5. cxd5 Nxd5 6. Nf3 Nc6 7. Nc3 Nxc3 8.
bxc3 O-O 9. O-O Bf5 10. e3 Qd7 11. Qb3 Rab8 12. Ba3 Rfe8 13. Rfe1 Be6 14. Qc2 f6
15. d5 Bxd5 16. Red1 Qe6 17. Ng5 Qe5 18. Rxd5 {Black resigns} 1-0

[Event "Team 45 45 League T64"]
[Site "Internet Chess Club"]
[Date "2015.03.15"]
[Round "2"]
[White "joebobpop"]
[Black "primerpaso"]
[Result "1-0"]
[WhiteElo "1966"]
[BlackElo "1864"]
[Opening "Sicilian: Najdorf, Opocensky variation"]
[ECO "B92"]
[Time "20:01:49"]
[TimeControl "2700+45"]

1. e4 c5 2. Nf3 d6 3. d4 cxd4 4. Nxd4 Nf6 5. Nc3 a6 6. Be2 e5 7. Nb3 Be6 8. Be3
Nbd7 9. O-O Qc7 10. f3 Be7 11. Qe1 d5 12. exd5 Nxd5 13. Nxd5 Bxd5 14. Bd3 O-O
15. Qg3 f5 16. Bg5 Rae8 17. Bxe7 Rxe7 18. Rfe1 Qb6+ 19. Kh1 Re6 20. Rad1 Bc6 21.
Bc4 Rf6 22. Bxe6+ Rxe6 23. Qg5 Rf6 24. Qe3 Qb4 25. c3 Qh4 26. Na5 Rh6 27. h3 Nf6
28. Nxc6 bxc6 29. Qxe5 Qg5 30. Qe6+ {Black resigns} 1-0

[Event "Team 45 45 League T64"]
[Site "Internet Chess Club"]
[Date "2015.03.17"]
[Round "2"]
[White "Zhbugnoimt"]
[Black "Puffy"]
[Result "1-0"]
[WhiteElo "1975"]
[BlackElo "2209"]
[Opening "Queen's pawn"]
[ECO "A40"]
[Time "17:00:29"]
[TimeControl "2700+45"]

1. d4 e6 2. c4 c5 3. d5 exd5 4. cxd5 d6 5. Nc3 a6 6. a4 g6 7. e4 Bg7 8. Nf3 Bg4
9. Be2 Bxf3 10. Bxf3 Nd7 11. Be2 Ne7 12. O-O O-O 13. Be3 f5 14. Qd2 Rc8 15. Bh6
Bxh6 16. Qxh6 Ne5 17. f4 Nf7 18. Qh3 c4 19. Kh1 Re8 20. Rad1 Qb6 21. e5 Qc5 22.
e6 Nd8 23. g4 b5 24. gxf5 gxf5 25. Rg1+ Kh8 26. Qh6 {Black resigns} 1-0

[Event "Team 45 45 League T64"]
[Site "Internet Chess Club"]
[Date "2015.03.20"]
[Round "2"]
[White "searchforbobby1"]
[Black "Percival"]
[Result "1/2-1/2"]
[WhiteElo "2054"]
[BlackElo "2159"]
[Opening "French: Winawer, advance, Bogolyubov variation"]
[ECO "C17"]
[Time "19:05:40"]
[TimeControl "2700+45"]

1. e4 e6 2. d4 d5 3. Nc3 Bb4 4. e5 c5 5. Bd2 Nh6 6. Nb5 Bxd2+ 7. Qxd2 O-O 8. c3
Nc6 9. f4 cxd4 10. cxd4 f6 11. O-O-O fxe5 12. fxe5 Qb6 13. Nf3 Bd7 14. Nd6 Nf5
15. Nxf5 Rxf5 16. Bd3 Rff8 17. Qg5 Nb4 18. Kb1 Be8 19. Ka1 Rc8 20. Qd2 Nxd3 21.
Qxd3 Bg6 22. Qa3 Rc2 23. Rhg1 Be4 24. h4 g6 25. Rc1 Rxc1+ 26. Rxc1 Bxf3 27. gxf3
Qxd4 28. Qd6 Qb6 29. Qe7 Rf7 30. Qe8+ Rf8 31. Qe7 Rf7 32. Qe8+ Rf8 33. Qe7 {Game
drawn by repetition} 1/2-1/2

[Event "Team 45 45 League T64"]
[Site "Internet Chess Club"]
[Date "2015.03.15"]
[Round "2"]
[White "Ohanessian"]
[Black "Monterrey"]
[Result "1/2-1/2"]
[WhiteElo "1961"]
[BlackElo "2051"]
[Opening "French: Tarrasch, closed variation"]
[ECO "C05"]
[Time "16:03:14"]
[TimeControl "2700+45"]

1. e4 e6 2. d4 d5 3. Nd2 Nf6 4. e5 Nfd7 5. c4 c5 6. cxd5 exd5 7. Ngf3 Nc6 8. Bb5
Be7 9. O-O O-O 10. Re1 Qb6 11. Bf1 cxd4 12. Nb3 Nc5 13. Nfxd4 a5 14. Nb5 Nxb3
15. Qxb3 Bc5 16. Qg3 Nb4 17. Nc3 Bd7 18. Rd1 d4 19. Ne4 Bf5 20. Bh6 Qxh6 21.
Nxc5 b6 22. Nb7 Qe6 23. Nd6 Bg6 24. Bc4 Qe7 25. f4 Rfe8 26. Rac1 Nc2 27. Bd3 Ne3
28. Bxg6 hxg6 29. Rxd4 Nf5 30. Nxf5 gxf5 31. Rd6 Rac8 32. Qe3 Qb7 33. Rc3 Rxc3
34. bxc3 b5 35. Qd3 g6 36. h4 Rc8 37. e6 fxe6 38. Rxe6 Qg7 39. Qd5 Kh8 40. Re5
Qa7+ 41. Kf1 Qc7 42. Qxb5 Qxc3 43. Re8+ Rxe8 44. Qxe8+ Kg7 45. Qe7+ Kg8 46. Qg5
Qc1+ 47. Kf2 Qb2+ 48. Kg1 Qxa2 49. Qxg6+ Kh8 50. Qxf5 Qa1+ 51. Kh2 a4 52. Qf8+
Kh7 53. Qf5+ Kh8 54. Qh5+ Kg8 55. Qe8+ Kh7 56. h5 a3 57. Qe7+ Kh8 58. f5 Qc1 59.
Qe5+ Kh7 60. f6 a2 61. Qe7+ Kh6 62. Kh3 Qh1+ 63. Kg3 a1=Q 64. Qg7+ Kxh5 65. Qg4+
Kh6 66. Qg7+ Kh5 67. Qg4+ Kh6 {Game drawn by mutual agreement} 1/2-1/2

[Event "Team 45 45 League T64"]
[Site "Internet Chess Club"]
[Date "2015.03.12"]
[Round "2"]
[White "NFork"]
[Black "Justi"]
[Result "1-0"]
[WhiteElo "2196"]
[BlackElo "2019"]
[Opening "Réti opening"]
[ECO "A05"]
[Time "17:18:18"]
[TimeControl "2700+45"]

1. Nf3 Nf6 2. b3 d5 3. Bb2 Bf5 4. e3 e6 5. c4 h6 6. Nc3 c6 7. Be2 Nbd7 8. O-O
Bd6 9. d3 O-O 10. e4 Bg6 11. exd5 exd5 12. cxd5 Nxd5 13. Nxd5 cxd5 14. Qd2 Re8
15. Rfe1 Rc8 16. b4 Bb8 17. g3 Nf8 18. Nh4 Bh7 19. Bg4 Rc6 20. b5 Rc7 21. Ba3
Ng6 22. Rxe8+ Qxe8 23. Nxg6 Bxg6 24. Bd6 Rc8 25. Bxc8 Bxd6 26. Bxb7 Qxb5 27. Ba8
Be5 28. Rc1 Kh7 29. Bc6 Qxd3 30. Qxd3 Bxd3 31. Bxd5 Kg6 32. Bb3 Kf6 33. Rd1 Bb5
34. Bxf7 Bxg3 35. hxg3 Kxf7 36. f4 Kf6 37. Kf2 h5 38. Rd5 Bc4 39. Rxh5 Bxa2 40.
Ra5 {Black resigns} 1-0

[Event "Team 45 45 League T64"]
[Site "Internet Chess Club"]
[Date "2015.03.15"]
[Round "2"]
[White "Knight77"]
[Black "MeWantCookie"]
[Result "0-1"]
[WhiteElo "1703"]
[BlackElo "2099"]
[Opening "Réti: King's Indian attack (Barcza system)"]
[ECO "A07"]
[Time "00:02:18"]
[TimeControl "2700+45"]

1. Nf3 d5 2. g3 Nf6 3. Bg2 Bf5 4. O-O e6 5. d3 c5 6. Nbd2 Nc6 7. c3 Be7 8. Qa4
O-O 9. e4 Bg6 10. Nh4 Bh5 11. Ndf3 a6 12. exd5 b5 13. Qc2 Nxd5 14. Nd2 Bxh4 15.
gxh4 Qxh4 16. Nf3 Qf6 17. Qe2 Rac8 18. Qe4 Bg6 19. Qe2 Nf4 20. Bxf4 Qxf4 21.
Rfd1 Rfd8 22. Rd2 Bh5 23. Qe3 Qxe3 24. fxe3 Bxf3 25. Bxf3 Ne5 26. Be2 Nc4 27.
Rc2 Nxe3 28. Rcc1 f5 29. Kf2 f4 30. Rg1 Rf8 31. Bf3 Rcd8 32. Be4 c4 33. d4 e5
34. Rg5 exd4 35. Rag1 g6 36. Bxg6 hxg6 37. Rxg6+ Kf7 38. Rg7+ Ke6 39. cxd4 Rxd4
40. Ra7 Rd2+ 41. Kf3 Rxb2 42. Rxa6+ Kd5 43. h4 Kc5 44. Rg5+ Kb4 45. a3+ Kc3 46.
h5 b4 47. axb4 Rxb4 48. h6 Rb7 49. Rg7 Rxg7 50. hxg7 Rg8 51. Kxf4 Nd5+ 52. Ke4
Nc7 53. Rg6 Ne8 54. Rg3+ Kb4 55. Kd4 Rxg7 56. Rg1 Rxg1 {White resigns} 0-1

[Event "Team 45 45 League T64"]
[Site "Internet Chess Club"]
[Date "2015.03.12"]
[Round "2"]
[White "santiagoelawad"]
[Black "Agarnez"]
[Result "1/2-1/2"]
[WhiteElo "2020"]
[BlackElo "1975"]
[Opening "English opening"]
[ECO "A16"]
[Time "20:00:41"]
[TimeControl "2700+45"]

1. c4 Nf6 2. Nc3 g6 3. Nf3 Bg7 4. g3 O-O 5. Bg2 d6 6. O-O e5 7. d3 Nc6 8. Bg5 h6
9. Bd2 Be6 10. Qc1 Kh7 11. Rb1 a5 12. a3 d5 13. cxd5 Nxd5 14. Nxd5 Bxd5 15. Qc5
Nd4 16. Nxd4 Bxg2 17. Ne6 fxe6 18. Kxg2 Qd5+ 19. Qxd5 exd5 20. a4 c5 21. e4 b6
22. Be3 Rfd8 23. Rfd1 Rd7 24. Kf1 Rad8 25. Ke2 Kg8 26. b3 Kf7 27. Rbc1 Ke6 {Game
drawn by mutual agreement} 1/2-1/2

[Event "Team 45 45 League T64"]
[Site "Internet Chess Club"]
[Date "2015.03.12"]
[Round "2"]
[White "infiniteshug"]
[Black "Regista"]
[Result "1-0"]
[WhiteElo "2212"]
[BlackElo "2246"]
[Opening "Giuoco Piano"]
[ECO "C54"]
[Time "18:09:04"]
[TimeControl "2700+45"]

1. e4 e5 2. Nf3 Nc6 3. Bc4 Bc5 4. c3 Nf6 5. d3 d6 6. Bb3 a6 7. a3 Ba7 8. h3 h6
9. Nbd2 O-O 10. Qe2 Be6 11. Bc2 d5 12. Nf1 Re8 13. g4 dxe4 14. dxe4 Nh7 15. Be3
Qf6 16. Rg1 Ng5 17. Nxg5 hxg5 18. O-O-O b5 19. Nd2 Bxe3 20. fxe3 Reb8 21. h4
gxh4 22. g5 Qg6 23. Rh1 h3 24. Bb3 Nd8 25. Bxe6 Nxe6 26. Rxh3 Nxg5 27. Rg1 Qf6
28. Rh5 Ne6 29. Nf3 g6 30. Nxe5 Qg7 31. Qh2 b4 32. axb4 Rb5 33. Rf5 Nd8 34. Rfg5
Rb6 35. Ng4 Ne6 36. Rd5 Kf8 37. Rf1 Re8 38. Ne5 Re7 39. Nd7+ Kg8 40. Nxb6 cxb6
41. Qb8+ Nf8 42. e5 Re6 43. Rd7 Qxe5 44. Qxe5 Rxe5 45. Rdxf7 Ne6 46. Re7 {Black
resigns} 1-0

[Event "Team 45 45 League T64"]
[Site "Internet Chess Club"]
[Date "2015.03.16"]
[Round "2"]
[White "chamozolano"]
[Black "Intemperate"]
[Result "1/2-1/2"]
[WhiteElo "2346"]
[BlackElo "1982"]
[Opening "Queen's pawn: English defense"]
[ECO "A40"]
[Time "14:16:20"]
[TimeControl "2700+45"]

1. d4 b6 2. Nf3 Bb7 3. e3 e6 4. Bd3 d5 5. O-O Nf6 6. Nbd2 c5 7. b3 Nc6 8. a3 Bd6
9. Bb2 O-O 10. Ne5 Rc8 11. f4 Ne7 12. Qe2 Ne4 13. c4 Nf5 14. cxd5 exd5 15. b4
Qe7 16. dxc5 bxc5 17. Bxe4 dxe4 18. b5 f6 19. Nec4 Rfd8 20. a4 Bc7 21. Ra3 Rd5
22. a5 Rcd8 23. Rb1 Rd3 24. b6 axb6 25. axb6 Bb8 26. Rc1 R8d7 27. Rcc3 Qd8 28.
Rxd3 exd3 29. Qg4 g6 30. Ra1 Qe7 31. Re1 Kf7 32. e4 Nd4 33. Qh4 Kg8 34. Bxd4
Rxd4 35. e5 Qf8 36. Qxf6 Rxf4 37. Qxf8+ Rxf8 38. Nd6 Bxd6 39. exd6 Rf7 40. Nc4
Ba6 41. Ne5 d2 42. Rd1 Rf1+ 43. Rxf1 Bxf1 44. b7 d1=Q 45. b8=Q+ Kg7 {Game drawn
by mutual agreement} 1/2-1/2

[Event "Team 45 45 League T64"]
[Site "Internet Chess Club"]
[Date "2015.03.13"]
[Round "2"]
[White "RazorBladeTeddy"]
[Black "Pomberito"]
[Result "1-0"]
[WhiteElo "2035"]
[BlackElo "2052"]
[Opening "Queen's Indian: Nimzovich variation (exaggerated fianchetto)"]
[ECO "E15"]
[Time "20:36:31"]
[TimeControl "2700+45"]

1. d4 Nf6 2. c4 e6 3. Nf3 b6 4. g3 Ba6 5. Qc2 b5 6. b3 Nc6 7. cxb5 Bxb5 8. a3 a5
9. Nc3 Ba6 10. Bg2 Rb8 11. O-O Be7 12. Rd1 O-O 13. e4 Qc8 14. Bg5 h6 15. Bxf6
Bxf6 16. e5 Be7 17. d5 exd5 18. Nxd5 Re8 19. h4 Qb7 20. Bh3 Rbd8 21. Qc3 Be2 22.
Rd2 Bxf3 23. Qxf3 Qb8 24. Qc3 Nxe5 25. Qxe5 Bb4 26. Qxe8+ Rxe8 27. axb4 c6 28.
Bxd7 Qe5 29. Rad1 Rb8 30. Bxc6 axb4 31. Nf4 Rc8 32. Bd5 g5 33. Ng2 Kg7 34. Bc4
Re8 35. Rd5 Qf6 36. Rd6 Qe5 37. R6d5 Qf6 38. hxg5 hxg5 39. Ne3 Rf8 40. R1d4 Ra8
41. Rg4 Qa1+ 42. Kg2 f6 43. Rd7+ Kh8 44. Re4 {Black resigns} 1-0

[Event "Team 45 45 League T64"]
[Site "Internet Chess Club"]
[Date "2015.03.16"]
[Round "2"]
[White "PoisonPawn"]
[Black "hangingpawns"]
[Result "1-0"]
[WhiteElo "2096"]
[BlackElo "2048"]
[Opening "Ruy Lopez: closed defense"]
[ECO "C84"]
[Time "18:00:30"]
[TimeControl "2700+45"]

1. e4 e5 2. Nf3 Nc6 3. Bb5 a6 4. Ba4 Nf6 5. O-O Be7 6. d3 d6 7. c3 O-O 8. Re1 b5
9. Bc2 h6 10. a4 b4 11. a5 Rb8 12. Nbd2 Be6 13. d4 exd4 14. cxd4 d5 15. e5 Nd7
16. Nb3 Qc8 17. Qd3 f5 18. exf6 Nxf6 19. Bxh6 gxh6 20. Qg6+ Kh8 21. Qxh6+ Kg8
22. Qg6+ Kh8 23. Ng5 Nd8 24. Re3 Rf7 25. Nxe6 {Black resigns} 1-0

[Event "Team 45 45 League T64"]
[Site "Internet Chess Club"]
[Date "2015.03.14"]
[Round "2"]
[White "Zkid"]
[Black "gump12345"]
[Result "1-0"]
[WhiteElo "2283"]
[BlackElo "2013"]
[Opening "Ruy Lopez: Berlin defense, open variation"]
[ECO "C67"]
[Time "16:01:44"]
[TimeControl "2700+45"]

1. e4 e5 2. Nf3 Nc6 3. Bb5 Nf6 4. O-O Nxe4 5. d4 Nd6 6. Bxc6 dxc6 7. dxe5 Nf5 8.
Qxd8+ Kxd8 9. Nc3 Ke8 10. h3 Ne7 11. Re1 Ng6 12. Ne4 h6 13. Nd4 Bd7 14. f4 c5
15. Nf3 h5 16. e6 fxe6 17. f5 Ne7 18. fxe6 Bc6 19. Ne5 Bxe4 20. Rxe4 Rd8 21. Bg5
Rd4 22. Rxd4 cxd4 23. Rd1 c5 24. Nf7 Rg8 25. Nd6+ Kd8 26. Nxb7+ Kc7 27. Nxc5 Kd6
28. Nb3 Nc6 29. Nxd4 Nxd4 30. e7 Bxe7 31. Bxe7+ Kxe7 32. Rxd4 Rb8 33. b4 Ke6 34.
Kf2 g6 35. a4 Ke5 36. Ke3 a6 37. Rc4 Rb6 38. c3 Rf6 39. b5 axb5 40. axb5 Rf1 41.
b6 Rf8 42. b7 Rb8 43. Rb4 {Black resigns} 1-0